 Dungeon Crawl Stone Soup version 0.28.0-53-g5a82cb258f (webtiles) character file.

Game seed: 225054706198690503

5005 Plasmagod the Carver (level 10, -6/82 HPs)
             Began as a Gnoll Cinder Acolyte on July 22, 2022.
             Was an Initiate of Ashenzari.
             Mangled by a fire elemental (7 damage)
             ... created by the fiery vengeance of Ignis
             ... on level 9 of the Dungeon.
             The game lasted 00:34:45 (10191 turns).

Plasmagod the Carver (Gnoll Cinder Acolyte)        Turns: 10191, Time: 00:34:46

Health: -6/82      AC: 13    Str: 16    XL:     10   Next: 54%
Magic:  19/19      EV: 15    Int: 16    God:    Ashenzari [......]
Gold:   454        SH:  0    Dex: 12    Spells: 19/21 levels left

rFire   . . .      SeeInvis .   n - +6 scythe (protect)
rCold   + . .      Faith    .   (shield currently unavailable)
rNeg    . . .      Spirit   .   q - +2 scale mail of Nooraig {rElec rF+}
rPois   +          Reflect  .   j - +2 helmet {Int+3}
rElec   +          Harm     .   (no cloak)
rCorr   +          Rampage  .   d - +0 pair of gloves "Omniscient Portent" {Str+2 Slay+2 Stlth+, Melee, Elem} (curse)
Will    .....                   (no boots)
Stlth   +++.......              (no amulet)
HPRegen 0.23/turn               A - +4 ring of evasion
MPRegen 0.16/turn               (no ring)

@: resistant, fire susceptible
A: fangs 1, strong nose, distributed training
a: Renounce Religion, Shatter the Chains


You were on level 9 of the Dungeon.
You worshipped Ashenzari.
Ashenzari was noncommittal.
You visited 2 branches of the dungeon, and saw 10 of its levels.
You visited the Abyss 1 time.

You collected 454 gold pieces.

Inventory:

Hand Weapons
 a - a -1 falchion of flaming
 i - a +4 mace
 n - a +6 scythe of protection (weapon)
 t - the +6 mace of Compulsion {drain, Stlth+}
   (You found it on level 5 of the Dungeon)

   A truly terrible weapon, it drains the life of any living foe it strikes.
   Stlth:     It makes you more stealthy.
Missiles
 l - 19 poisoned darts (quivered)
Armour
 d - the cursed +0 pair of gloves "Omniscient Portent" (worn) {Str+2 Slay+2 Stlth+, Melee, Elem}
   (You acquired it on level 4 of the Dungeon)

   Str:       It affects your strength (+2).
   Slay:      It affects your accuracy & damage with ranged weapons and melee
   (+2).
   Stlth:     It makes you more stealthy.
   It has a curse which improves the following skills: Melee Combat: Short
   Blades, Long Blades, Axes, Maces & Flails, Polearms, Staves and Unarmed
   Combat.
   Elements:  Fire Magic, Ice Magic, Air Magic and Earth Magic.
 j - a +2 helmet of intelligence (worn)
 q - the +2 scale mail of Nooraig (worn) {rElec rF+}
   (You found it on level 5 of the Dungeon)

   rF:        It protects you from fire.
   rElec:     It insulates you from electricity.
Jewellery
 A - a +4 ring of evasion (left hand)
Wands
 r - a wand of digging (5)
 v - a wand of polymorph (8)
Scrolls
 e - 3 scrolls of fog
 f - 4 scrolls of amnesia
 h - a scroll of identify
 m - a scroll of summoning
 o - 3 scrolls of teleportation
Potions
 b - 2 potions of flight
 c - a potion of ambrosia {unknown}
 g - 2 potions of brilliance
 k - a potion of cancellation
 p - 2 potions of attraction {unknown}
 s - a potion of resistance
 u - 4 potions of curing
 w - a potion of berserk rage
 x - a potion of degeneration {unknown}
 z - a potion of haste


   Skills:
 + Level 8.6 Fighting
 + Level 5.4(5.8) Short Blades
 + Level 8.6(9.0) Long Blades
 + Level 5.4(5.8) Axes
 + Level 5.4(5.8) Maces & Flails
 + Level 5.4(5.8) Polearms
 + Level 5.4(5.8) Staves
 + Level 5.4 Slings
 + Level 5.4 Bows
 + Level 5.4 Crossbows
 + Level 5.4 Throwing
 + Level 5.4 Armour
 + Level 5.4 Dodging
 + Level 5.4 Stealth
 + Level 5.4 Shields
 + Level 5.4(5.8) Unarmed Combat
 + Level 6.1 Spellcasting
 + Level 4.4 Conjurations
 + Level 4.4 Hexes
 + Level 4.4 Summonings
 + Level 4.4 Necromancy
 + Level 4.4 Translocations
 + Level 4.4 Transmutations
 + Level 7.1(7.6) Fire Magic
 + Level 4.4(4.8) Ice Magic
 + Level 4.4(4.8) Air Magic
 + Level 4.4(4.8) Earth Magic
 + Level 4.4 Poison Magic
 + Level 5.9 Invocations
 + Level 5.4 Evocations


You had 19 spell levels left.
You knew the following spells:

 Your Spells              Type           Power      Damage    Failure   Level
a - Scorch                Fire           58%        2d8       3%          2

Your spell library contained the following spells:

 Spells                   Type           Power      Damage    Failure   Level
 Freeze                   Ice            80%        1d9       6%          1
 Animate Skeleton         Necr           38%        N/A       7%          1
 Pain                     Necr           76%        1d7       7%          1
 Frozen Ramparts          Ice            40%        1d6       19%         3
 Gell's Gravitas          Tloc           19%        N/A       22%         3
 Teleport Other           Tloc           19%        N/A       22%         3
 Vampiric Draining        Necr           19%        2d7       22%         3
 Hailstorm                Conj/Ice       19%        3d6       54%         4
 Leda's Liquefaction      Hex/Erth       9%         N/A       54%         4
 Petrify                  Tmut/Erth      19%        N/A       54%         4
 Lee's Rapid Deconstruct  Erth           10%        3d9*      86%         5
 Metabolic Englaciation   Hex/Ice        9%         N/A       88%         5
 Dispersal                Tloc           9%         N/A       100%        6
 Statue Form              Tmut/Erth      12%        N/A       100%        6


Dungeon Overview and Level Annotations

Branches:
Dungeon (9/15)             Temple (1/1) D:6            Lair (0/6) D:8
    Orc: D:9-12

Altars:
Ashenzari
Cheibriados
Dithmenos
Elyvilon
Fedhas
Gozag
Hepliaklqana
Kikubaaqudgha
Makhleb
Nemelex Xobeh
Okawaru
Qazlal
Ru
Sif Muna
Trog
Uskayaw
Vehumet
Wu Jian
Xom
Yredelemnul
Zin
The Shining One

Shops:
D:2 !   D:4 *   D:7 :


Innate Abilities, Weirdness & Mutations

You have very sharp teeth.
Your uncanny sense of smell can sniff out nearby items.
Your experience applies equally to all skills.


Message History

You slash the fire elemental!
The fire elemental is moderately damaged.
The fire elemental hits you. The fire elemental burns you!
The fire elemental hits you. x2; The fire elemental burns you!
The fire elemental barely misses you.
You hit the fire elemental.
You bite the fire elemental, but do no damage.
The fire elemental is moderately damaged.
The fire elemental hits you. The fire elemental burns you!
The fire elemental hits you. The fire elemental burns you!
The fire elemental hits you. The fire elemental burns you!
The fire elemental hits you. The fire elemental burns you!
The fire elemental hits you. The fire elemental burns you!
You are too injured to fight recklessly!
You closely miss the fire elemental.
The fire elemental is moderately damaged.
The fire elemental closely misses you. The fire elemental hits you.
The fire elemental burns you! The fire elemental closely misses you.
The fire elemental hits you. The fire elemental burns you!
The fire elemental hits you. The fire elemental burns you!
* * * LOW HITPOINT WARNING * * *
Okay, then.
Unknown command.
Press: ? - help, v - describe, . - travel
Here: a fire elemental (moderately damaged, durably summoned)
The floor.
Okay, then.
You feel protected. The fire elemental closely misses you.
The fire elemental barely misses you.
You barely miss the fire elemental.
The fire elemental is moderately damaged.
The fire elemental misses you. The fire elemental hits you.
The fire elemental burns you!
* * * LOW HITPOINT WARNING * * *
The fire elemental hits you. The fire elemental burns you!
* * * LOW HITPOINT WARNING * * *
The fire elemental hits you.
* * * LOW HITPOINT WARNING * * *
The fire elemental burns you!
You die...

.# #........#
#..# .#
#........#
#..# .#
#.####...#
#..# .# #..#
.# # #..# .#
#. #..# .#
#.. #..# .#
#...######..#
.#
#...E@......#
.#
#....E......#
.#####
#...........#
......
#...........#
######
#...........#
#
#...........#
#
#...........#
#
#...........#
#


You could see 2 fire elementals.

Vanquished Creatures
  Pikel (D:4)
  Psyche (D:8)
  A troll (D:8)
  A large abomination (Abyss:1)
  Sigmund (D:3)
  A wyvern (D:9)
  2 small abominations (Abyss:1)
  A fire elemental (D:9)
  An acid dragon (D:9)
  A black bear (D:4)
  3 sky beasts
  2 orc warriors
  2 necrophages
  A wolf (D:8)
  4 ogres
  4 centaurs
  A kobold brigand (D:8)
  A bullfrog (D:8)
  7 scorpions
  A gnoll sergeant (D:7)
  A water moccasin zombie (D:5)
  4 killer bees
  2 howler monkeys (D:5)
  3 electric eels (D:8)
  2 centaur zombies
  A bullfrog zombie (D:6)
  A bullfrog skeleton (D:4)
  An iron imp (Abyss:1)
  10 hounds
  A gnoll shaman (D:5)
  4 orc priests
  2 centaur skeletons (D:6)
  Jessica (D:3)
  An iguana (D:5)
  5 orc wizards
  A killer bee zombie (D:8)
  2 hound skeletons (D:4)
  16 gnolls
  2 adders
  4 howler monkey skeletons (D:6)
  A shadow imp (D:6)
  A white imp (D:5)
  2 ufetubi (Abyss:1)
  An adder skeleton (D:4)
  3 worms
  The ghost of qipq the Sneak, a weakling DjDe (D:6)
  3 dart slugs
  22 orcs
  8 ball pythons
  3 bats
  6 endoplasms
  6 giant cockroaches
  5 goblins
  5 hobgoblins
  2 jackals (D:1)
  14 kobolds
  7 quokkas
  2 frilled lizards (D:2)
  A quokka skeleton (D:4)
194 creatures vanquished.

Vanquished Creatures (others)
  2 kobolds (D:8)
  40 foxfires (D:8)
  A plant (D:4)
  2 starspawn tentacles (Abyss:1)
45 creatures vanquished.

Grand Total: 239 creatures vanquished

Notes
Turn   | Place    | Note
-------+----------+-------------------------------------------
     0 | D:1      | Plasmagod the Gnoll Cinder Acolyte began the quest for the
                  | Orb.
     0 | D:1      | Reached XP level 1. HP: 23/23 MP: 4/4
   239 | D:1      | Reached XP level 2. HP: 27/29 MP: 5/5
   735 | D:1      | Reached XP level 3. HP: 27/35 MP: 7/7
   738 | D:1      | Learned a level 2 spell: Scorch
  1224 | D:2      | You fall into a shaft and drop 1 floor!
  1238 | D:3      | Reached skill level 1 in Invocations
  1323 | D:2      | Found a faded altar of an unknown god.
  1536 | D:2      | Reached skill level 1 in Short Blades
  1536 | D:2      | Reached skill level 1 in Axes
  1536 | D:2      | Reached skill level 1 in Maces & Flails
  1536 | D:2      | Reached skill level 1 in Polearms
  1536 | D:2      | Reached skill level 1 in Staves
  1536 | D:2      | Reached skill level 1 in Slings
  1536 | D:2      | Reached skill level 1 in Bows
  1536 | D:2      | Reached skill level 1 in Crossbows
  1536 | D:2      | Reached skill level 1 in Throwing
  1536 | D:2      | Reached skill level 1 in Armour
  1536 | D:2      | Reached skill level 1 in Dodging
  1536 | D:2      | Reached skill level 1 in Stealth
  1536 | D:2      | Reached skill level 1 in Shields
  1536 | D:2      | Reached skill level 1 in Unarmed Combat
  1536 | D:2      | Reached skill level 1 in Evocations
  1615 | D:2      | Found Gidu's Distillery.
  1628 | D:2      | Reached XP level 4. HP: 39/41 MP: 8/8
  1833 | D:2      | Reached skill level 1 in Conjurations
  1833 | D:2      | Reached skill level 1 in Hexes
  1833 | D:2      | Reached skill level 1 in Summonings
  1833 | D:2      | Reached skill level 1 in Necromancy
  1833 | D:2      | Reached skill level 1 in Translocations
  1833 | D:2      | Reached skill level 1 in Transmutations
  1833 | D:2      | Reached skill level 1 in Ice Magic
  1833 | D:2      | Reached skill level 1 in Air Magic
  1833 | D:2      | Reached skill level 1 in Earth Magic
  1833 | D:2      | Reached skill level 1 in Poison Magic
  2240 | D:3      | Noticed Jessica
  2243 | D:3      | Killed Jessica
  2244 | D:3      | Reached XP level 5. HP: 41/47 MP: 9/9
  2617 | D:3      | Noticed Sigmund
  2629 | D:3      | Killed Sigmund
  2630 | D:3      | Reached XP level 6. HP: 23/53 MP: 9/11
  3178 | D:4      | Reached XP level 7. HP: 57/59 MP: 12/12
  3531 | D:4      | Noticed Pikel
  3542 | D:4      | Killed Pikel
  3543 | D:4      | Reached XP level 8. HP: 34/67 MP: 12/14
  3909 | D:4      | Found a white marble altar of Elyvilon.
  3963 | D:4      | Found Zerumun's Assorted Antiques.
  4023 | D:4      | Identified a scroll of acquirement
  4023 | D:4      | Acquired the +0 pair of gloves of Spite {Str+2 Slay+2
                  | Stlth+}
  4072 | D:5      | Entered Level 5 of the Dungeon
  4472 | D:5      | Identified the +2 scale mail of Nooraig {rElec rF+}
  4723 | D:5      | Reached XP level 9. HP: 66/73 MP: 16/16
  4879 | D:5      | Identified the +6 mace of Compulsion {drain, Stlth+}
  4964 | D:5      | Reached skill level 5 in Spellcasting
  5306 | D:6      | Noticed qipq's ghost (weakling DjDe)
  5306 | D:6      | Found a runed translucent gate.
  5306 | D:6      | Found a runed translucent gate.
  5306 | D:6      | Found a runed translucent gate.
  5314 | D:6      | Killed qipq's ghost
  5509 | D:6      | Found a staircase to the Ecumenical Temple.
  5527 | Temple   | Entered the Ecumenical Temple
  6087 | D:6      | Reached skill level 5 in Invocations
  6833 | D:7      | Found a stormy altar of Qazlal.
  6847 | D:7      | Found Viutepp's Book Shoppe.
  7425 | D:8      | Noticed a troll
  7432 | D:8      | Killed a troll
  7438 | D:8      | Reached XP level 10. HP: 35/80 MP: 18/18
  7655 | D:8      | Reached skill level 5 in Short Blades
  7655 | D:8      | Reached skill level 5 in Axes
  7655 | D:8      | Reached skill level 5 in Maces & Flails
  7655 | D:8      | Reached skill level 5 in Polearms
  7655 | D:8      | Reached skill level 5 in Staves
  7655 | D:8      | Reached skill level 5 in Slings
  7655 | D:8      | Reached skill level 5 in Bows
  7655 | D:8      | Reached skill level 5 in Crossbows
  7655 | D:8      | Reached skill level 5 in Throwing
  7655 | D:8      | Reached skill level 5 in Armour
  7655 | D:8      | Reached skill level 5 in Dodging
  7655 | D:8      | Reached skill level 5 in Stealth
  7655 | D:8      | Reached skill level 5 in Shields
  7655 | D:8      | Reached skill level 5 in Unarmed Combat
  7655 | D:8      | Reached skill level 5 in Evocations
  8203 | D:8      | Noticed Psyche
  8215 | D:8      | Cast into level 1 of the Abyss (Psyche)
  8217 | Abyss:1  | Found a corrupted altar of Lugonu.
  8264 | Abyss:1  | Noticed a worldbinder
  8331 | Abyss:1  | Noticed a starcursed mass
  8455 | Abyss:1  | Noticed a red very ugly thing
  8462 | Abyss:1  | Noticed an apocalypse crab
  8467 | Abyss:1  | Noticed a sun demon
  8511 | Abyss:1  | Noticed a smoke demon
  8587 | Abyss:1  | Noticed a tentacled starspawn
  8591 | Abyss:1  | Noticed an orange demon
  8661 | Abyss:1  | Noticed a deep elf demonologist
  8698 | Abyss:1  | Noticed a green draconian
  8744 | Abyss:1  | Noticed a red draconian
  8756 | D:8      | Escaped the Abyss
  8760 | D:8      | Killed Psyche
  9014 | Temple   | Fell from the grace of Ignis
  9014 | Temple   | Became a worshipper of Ashenzari the Shackled
  9107 | D:8      | Found a staircase to the Lair.
  9169 | D:8      | Found an ornate altar of the Wu Jian Council.
  9169 | D:8      | Found a blossoming altar of Fedhas.
  9171 | D:8      | Found a shadowy altar of Dithmenos.
  9289 | D:8      | Found a shimmering altar of Xom.
 10191 | D:9      | HP: 2/82 [fire elemental[the fiery vengeance of Ignis] (9)]
 10191 | D:9      | Mangled by a fire elemental

Illustrated notes

Levels and vault maps discovered:
D:1:      scummos_arrival_hexagon, layout_loops_ring
D:2:      layout_loops_ring, hellmonk_ecumenical_altar_heavens_door,
          serial_shops, shop, hangedman_decor_growths
D:3:      layout_basic, st_stairs_2, uniq_sigmund, uniq_jessica
D:4:      layout_basic, nicolae_elyvilon_temple_path, serial_shops,
          nicolae_shop_behind_doors, uniq_pikel
D:5:      layout_basic
D:6:      layout_loops_ring, minmay_temple_entry_glass,
          gammafunk_ghost_necromancy, minivault_19, kennysheep_dice
D:7:      layout_layer_cave, nicolae_qazlal_general_emergency, serial_shops,
          nicolae_shop_stone
D:8:      layout_loops_cross, nicolae_overflow_quartered_altars,
          erik_lair_island, minmay_misc_feat_tiny, uniq_psyche
D:9:      layout_long_grid, kennysheep_generic_room_15
Temple:   eino_temple_rhombus

Skill      XL: |  1  2  3  4  5  6  7  8  9 10 |
---------------+-------------------------------+-----
Invocations    | 1 2 3 4 5 |  5.9
Short Blades   | 1 2 3 4 5 |  5.4
Axes           | 1 2 3 4 5 |  5.4
Maces & Flails | 1 2 3 4 5 |  5.4
Polearms       | 1 2 3 4 5 |  5.4
Staves         | 1 2 3 4 5 |  5.4
Slings         | 1 2 3 4 5 |  5.4
Bows           | 1 2 3 4 5 |  5.4
Crossbows      | 1 2 3 4 5 |  5.4
Throwing       | 1 2 3 4 5 |  5.4
Armour         | 1 2 3 4 5 |  5.4
Dodging        | 1 2 3 4 5 |  5.4
Stealth        | 1 2 3 4 5 |  5.4
Shields        | 1 2 3 4 5 |  5.4
Unarmed Combat | 1 2 3 4 5 |  5.4
Evocations     | 1 2 3 4 5 |  5.4
Spellcasting   | 3 4 5 6 |  6.1
Conjurations   | 1 2 3 4 |  4.4
Hexes          | 1 2 3 4 |  4.4
Summonings     | 1 2 3 4 |  4.4
Necromancy     | 1 2 3 4 |  4.4
Translocations | 1 2 3 4 |  4.4
Transmutations | 1 2 3 4 |  4.4
Ice Magic      | 1 2 3 4 |  4.4
Air Magic      | 1 2 3 4 |  4.4
Earth Magic    | 1 2 3 4 |  4.4
Poison Magic   | 1 2 3 4 |  4.4
Fighting       | 7 8 |  8.6
Long Blades    | 7 8 |  8.6
Fire Magic     | 6 7 |  7.1

Action                   |  1- 3 |  4- 6 |  7- 9 | 10-12 || total
-------------------------+-------+-------+-------+-------++-------
Melee: Falchion          |    72 |       |       |       ||    72
       Bite              |     8 |     9 |    16 |     9 ||    42
       Punch             |     3 |       |       |       ||     3
       Mace              |    17 |    55 |       |       ||    72
       Scythe            |       |    20 |   227 |   133 ||   380
Throw: Dart              |       |     5 |       |       ||     5
Invok: Fiery Armour      |     1 |     2 |     5 |     2 ||    10
       Foxfire Swarm     |       |       |     2 |       ||     2
       Curse Item        |       |       |       |     1 ||     1
  Use: Scroll            |       |     4 |     6 |     8 ||    18
       Potion            |       |       |       |     9 ||     9
 Stab: Sleeping          |       |       |     5 |     2 ||     7
Armor: Robe              |    20 |    13 |       |       ||    33
       Leather armour    |       |    32 |    71 |       ||   103
       Scale mail        |       |       |   163 |   128 ||   291
Dodge: Dodged            |    53 |    79 |   204 |   173 ||   509
